Match 34652267
Unlisted

Match 34652267
End
Construct Infanterie Kompanie
Grenadier Squad
Grenadier Squad
GrW 34 Mortar Team
Selects Mechanized Battlegroup
Construct Luftwaffe Kompanie
Luftwaffe Officer Quarters
MG 42 Bunker
Selects Mobile Repair Stations
Jäger Squad
Jäger Squad
Medical Station
Selects Wespe Self-propelled Artillery
Wespe Self-propelled Artillery
Wespe Self-propelled Artillery
Selects Zeroing Artillery Barrage
Wespe Self-propelled Artillery
Jäger Squad
Jäger Squad
Lamar
Leo Nev
别问 问就是马了
DEUSVULT Bracesco
Tango
Turtleboy
MONZZO
GoonLord
0
0

Comments sign in to comment!

No comments posted yet!